 Dungeon Crawl Stone Soup version 0.19-a0-1714-gcab94ab (webtiles) character file.

290511 st0uf the Warrior (level 19, -37/163 HPs)
             Began as a Demonspawn Fighter on Sept 26, 2016.
             Was the Champion of Okawaru.
             Killed from afar by a halazid warlock (52 damage)
             ... with a ghostly fireball
             ... in the Desolation of Salt on Sept 28, 2016.
             The game lasted 05:33:14 (39164 turns).

st0uf the Warrior (Demonspawn Fighter)             Turns: 39164, Time: 05:33:14

Health: -37/163    AC: 37    Str: 18    XL:     19   Next: 94%
Magic:  0/28       EV: 13    Int: 10    God:    Okawaru [******]
Gold:   1839       SH:  6    Dex: 19    Spells: 1 memorised, 17 levels left

rFire  + . .     SeeInvis +     N - +9 demon blade (pain)
rCold  + . .     Gourm    .     e - +15 Maxwell's patent armour {-Cast -Tele rElec MR+ rCorr}
rNeg   . . .     Faith    .     O - +0 buckler {rC+}
rPois  +         Spirit   +     K - +0 hat {SInv}
rElec  +         Dismiss  .     B - +1 cloak {rPois}
rCorr  +         Reflect  .     (no gloves)
MR     ++...     Harm     .     (boots unavailable)
Stlth  .......... NoTele   +    c - amulet of regeneration NoCast +
                                x - ring of poison resistance
                                X - ring of protection from fire

@: heroism, finesse, very slightly contaminated, hasted, very heavily drained,
very quick
A: antennae 1, hooves 3, icy blue scales 2, foul stench 1, wild magic 1,
augmentation 2, magic shield, magic regeneration, rot immunity
a: Heroism, Finesse, Renounce Religion
}: 2/15 runes: barnacled, gossamer


You were in the Desolation of Salt.
You worshipped Okawaru.
Okawaru was exalted by your worship.
You were hungry.

You visited 7 branches of the dungeon, and saw 36 of its levels.
You visited 1 bazaar.
You also visited: Sewer and Desolation.

You collected 3292 gold pieces.
You spent 1453 gold pieces at shops.

Inventory:

Hand Weapons
 k - the +6 dagger of Lialus {pierce, rF+ rC- rN++ MP+9}
   (You found it on level 7 of the Dungeon)

   It inflicts extra damage upon your enemies.
   It protects you from fire.
   It makes you vulnerable to cold.
   It greatly protects you from negative energy.
   It affects your magic capacity (+9).
 H - the +4 long sword of the Warrior-Mage {flame, rF+ Int+5}
   (You found it on level 14 of the Dungeon)

   It has been specially enchanted to burn those struck by it, causing extra
   injury to most foes and up to half again as much damage against particularly
   susceptible opponents.
   Big, fiery blades are also staple armaments of hydra-hunters.
   It affects your intelligence (+5).
   It protects you from fire.
 N - a +9 demon blade of pain (weapon)
Missiles
 D - 10 throwing nets (quivered)
Armour
 e - the +15 Maxwell's patent armour (worn) {-Cast -Tele rElec MR+ rCorr}
   (Okawaru gifted it to you on level 2 of the Orcish Mines)

   It insulates you from electricity.
   It affects your resistance to hostile enchantments.
   It prevents spellcasting.
   It prevents most forms of teleportation.
   It protects you from acid and corrosion.
 A - the +0 pair of gloves "Okaronu" {MR+ Int+3}
   (You bought it in a shop in a bazaar)

   It affects your intelligence (+3).
   It affects your resistance to hostile enchantments.
 B - a +1 cloak of poison resistance (worn)
 K - a +0 hat of see invisible (worn)
 O - a +0 buckler of cold resistance (worn)
Jewellery
 c - an amulet of regeneration (around neck)
 x - a ring of poison resistance (right hand)
 F - an uncursed amulet of rage
 X - a ring of protection from fire (left hand)
Wands
 w - a wand of flame (32/48)
 y - a wand of teleportation (3/9)
 E - a wand of digging (18/24)
 G - a wand of iceblast (3/15)
 Q - a wand of paralysis (8/24)
 S - a wand of hasting (3/9)
 U - a wand of confusion (23/48)
Scrolls
 g - 6 scrolls of immolation
 i - 10 scrolls of remove curse
 r - 2 scrolls of identify
 s - 2 scrolls of fog
 v - a scroll of silence
 I - a scroll of vulnerability {unknown}
 J - a scroll of teleportation
 M - a scroll of summoning
 T - a scroll of magic mapping
 W - 3 scrolls of fear
Potions
 b - 3 potions of agility
 d - 2 potions of might
 j - 4 potions of cancellation
 l - 10 potions of curing
 o - 2 potions of cure mutation
 p - 5 potions of ambrosia
 q - a potion of haste
 u - 2 potions of heal wounds
 P - a potion of resistance
 R - 4 potions of magic
Books
 V - a book of Necromancy

   Spells                             Type                      Level
   a - Pain                           Necromancy                   1
   b - Animate Skeleton               Necromancy                   1
   c - Vampiric Draining              Necromancy                   3
   d - Regeneration                   Charms/Necromancy            3
   e - Animate Dead                   Necromancy                   4
   f - Control Undead                 Necromancy                   4
Miscellaneous
 n - a lamp of fire (inert)
 t - a phantom mirror
Comestibles
 f - 16 bread rations
 h - 31 fruits
 m - 2 chunks of flesh
 C - a meat ration
 L - a slice of pizza


   Skills:
 * Level 17.9(17.6) Fighting
 * Level 16.6(16.4) Long Blades
 + Level 12.4(12.6) Armour
 + Level 12.0(12.3) Dodging
 - Level 4.5(5.5) Shields
 + Level 12.9(8.5) Necromancy
 - Level 8.2(4.3) Invocations
 + Level 13.0(8.6) Evocations


You had 17 spell levels left.
You knew the following spells:

 Your Spells              Type           Power        Failure   Level  Hunger
a - Pain                  Necr           ###.         28%         1    ##.....


Dungeon Overview and Level Annotations

Branches:
Dungeon (15/15)            Temple (0/1) D:6            Lair (6/6) D:9
 Shoals (4/4) Lair:4       Spider (4/4) Lair:4        Slime (0/5) Lair:5
    Orc (2/2) D:9             Elf (3/3) Orc:2        Vaults (2/5) D:13
  Crypt (0/3) Vaults:2     Depths (0/5) D:15

Altars:
Ashenzari
Cheibriados
Elyvilon
Fedhas
Gozag
Hepliaklqana
Makhleb
Okawaru
Qazlal
Sif Muna
Trog
Vehumet
Yredelemnul
Zin
Beogh
Jiyva

Shops:
D:12 *   Orc:2 *![   Elf:1 (   Elf:3 (}:(

Annotations:
Elf:2 1 runed door


Innate Abilities, Weirdness & Mutations

You have hooves in place of feet.
You are mostly covered in icy blue scales. (AC +3)
You may emit foul miasma when damaged in melee.
Your magical and physical power is enhanced at high health.
When hurt, damage is shared between your health and your magic reserves.
You regenerate magic rapidly.
You are immune to rotting.
You have a pair of small antennae on your head.
Your spells are a little harder to cast, but a little more powerful.


Message History

The saltling hits you but does no damage.
Unknown command.
Okay, then.
Evoke which item? (* to show all) (? for menu, Esc to quit)
You open the lid... ...and a juvenile oxfire beast leaps out!
The now-empty box falls apart.
The peacekeeper hurls a volley of spikes at you.
The volley of spikes misses you.
The halazid warlock points at the saltling and mumbles some strange words.
The saltling's animating energy erupts into ghostly fire!
The ghostly flame explodes!
The ghostly fireball engulfs the saltling.
The saltling completely resists.
The ghostly fireball engulfs the saltling.
The saltling completely resists.
The ghostly fireball engulfs the saltling.
The saltling completely resists.
The ghostly fireball engulfs you!
You feel drained.
You die...

...........................)#)...
...)).......................##...
................)................
.................8#..............
..............8..................
...........8.88..................
...........#Lpp88................
...........#..8L.H...............
.............888@..............).
.................................
.............p.8.................
.................................
.................................
................))......#..
.......................##..
........##.................
........#..................


You could see a ragged hierophant, 2 servants of whispers, 2 halazid warlocks, a
crystal guardian, 2 peacekeepers, 9 saltlings and a friendly juvenile oxfire
beast.

Vanquished Creatures
  Nikola (Spider:1)
  Arachne (Spider:2)
  3 deep elf master archers (Elf:3)
  3 deep elf blademasters (Elf:3)
  A sphinx (Vaults:1)
  Gastronok (D:8)
  Polyphemus (Shoals:4)
  Kirke (Lair:6)
  2 ghost moths (Spider:4)
  A fire giant (D:15)
  Ilsuiw (Shoals:4)
  4 deep elf sorcerers (Elf:3)
  2 frost giants
  Louise (Elf:2)
  8 emperor scorpions
  An ironheart preserver (Vaults:1)
  4 deep elf elementalists (Elf:3)
  A very ugly thing (Vaults:1)
  5 entropy weavers
  5 deep elf demonologists (Elf:3)
  Azrael (Elf:2)
  10 deep elf annihilators (Elf:3)
  3 merfolk javelineers (Shoals:4)
  5 merfolk impalers (Shoals:4)
  4 deep elf death magi (Elf:3)
  A fire dragon (Lair:6)
  The ghost of Amnesiac the Covert, a journeyman FoEE of Dithmenos (Lair:1)
  5 ragged hierophants
  5 deep elf high priests
  A great orb of eyes (Vaults:1)
  2 rakshasas (Vaults:1)
  An ice dragon (D:13)
  6 hydras
  3 yaktaur captains
  Harold (D:12)
  6 peacekeepers (Desolation)
  2 merfolk avatars (Shoals:4)
  3 servants of whispers (Desolation)
  2 catoblepae
  2 death knights
  2 centaur warriors
  3 satyrs
  2 merfolk aquamancers (Shoals:4)
  An ogre mage (Vaults:1)
  2 tengu warriors (D:15)
  An orc high priest (Elf:3)
  13 death yaks
  26 dancing weapons
  A deep troll shaman (Vaults:1)
  15 deep elf knights
  3 skeletal warriors (Vaults:1)
  5 sea snakes
  A shadow wraith (D:13)
  3 deep trolls (Vaults:1)
  2 unseen horrors
  10 hill giants
  12 harpies
  A wizard (Vaults:1)
  19 deep elf archers
  A phantasmal warrior (D:15)
  6 ironbrand convokers
  15 ugly things
  51 deep elf magi
  Pikel (D:8)
  A necromancer (Vaults:1)
  6 orc knights
  17 orb spiders
  12 orc sorcerers (Orc:2)
  19 wolf spiders
  3 manticores
  A cyclops (shapeshifter) (Vaults:1)
  2 hornets (Spider:4)
  4 elephants (Lair:6)
  2 moths of wrath
  9 cyclopes
  Joseph (D:7)
  A guardian serpent (Desolation)
  5 black mambas
  Maurice (D:13)
  5 centaur zombies
  3 sirens
  2 water nymphs (Shoals:4)
  6 spiny frogs
  2 torpor snails
  A molten gargoyle (Desolation)
  A vault sentinel (Vaults:1)
  A gargoyle (D:12)
  An ice statue (D:13)
  2 rust devils (D:8)
  6 centaur skeletons
  A small abomination (Elf:3)
  2 spiny frogs (shapeshifter)
  10 demonic crawlers
  7 komodo dragons
  2 yaktaurs (Vaults:1)
  A rime drake (shapeshifter) (D:14)
  6 rime drakes
  A kobold demonologist (D:11)
  A freezing wraith (D:15)
  14 merfolk
  A meliai (shapeshifter) (Elf:2)
  5 trolls
  10 polar bears
  3 wind drakes
  3 slime creatures (Vaults:1)
  23 jumping spiders
  8 two-headed ogres
  25 saltlings
  17 blink frogs
  8 hippogriffs
  3 raiju (Lair:6)
  Sigmund (D:4)
  3 snapping turtles
  2 shadows
  3 wyverns
  4 wraiths
  81 redbacks
  A tarantella (shapeshifter) (Vaults:1)
  40 yaks
  4 humans (Lair:6)
  7 water elementals
  18 tarantellas
  6 fire elementals
  2 hungry ghosts
  2 yaktaur simulacra (Vaults:1)
  3 basilisks
  2 vampire mosquitoes (D:13)
  A steam dragon (Lair:6)
  15 wargs
  A soldier ant (D:15)
  5 mottled dragons
  9 hell hounds
  14 water moccasins
  8 porcupines
  A black bear (shapeshifter) (D:12)
  16 black bears
  4 ice beasts
  6 sky beasts
  34 orc warriors
  2 necrophages
  A swamp drake (Lair:6)
  4 slaves (D:8)
  21 wolves
  2 phantoms
  A wasp (Spider:2)
  13 ogres
  4 human skeletons (Vaults:1)
  14 centaurs
  16 crocodiles
  A yaktaur zombie (Vaults:1)
  2 big kobolds
  16 bullfrogs
  An ogre simulacrum (Vaults:1)
  5 scorpions
  13 killer bees
  17 wights
  6 howler monkeys
  8 electric eels
  A bullfrog zombie (D:8)
  9 crimson imps
  2 jellies
  19 orc priests
  22 hounds
  Crazy Yiuf (D:6)
  A bullfrog skeleton (D:12)
  A gnoll shaman (D:9)
  37 orc wizards
  4 worker ants
  8 iguanas
  2 hound skeletons
  2 worker ant zombies (D:5)
  7 gnolls
  16 adders
  55 river rats
  3 shadow imps
  An ooze (D:4)
  An adder skeleton (D:4)
  5 worms
  15 leopard geckos
  124 orcs
  10 giant cockroaches
  4 hobgoblins
  6 jackals
  16 kobolds
  7 quokkas
  A ball python (D:5)
  A bat (D:3)
  5 goblins
  2 leopard gecko skeletons (D:4)
  2 quokka skeletons
  9 rats
  5 crawling corpses (Elf:3)
  A plant (Lair:1)
1417 creatures vanquished.

Vanquished Creatures (others)
  A ragged hierophant (Desolation)
  An ironbrand convoker (Desolation)
  A jumping spider (Spider:4)
  2 saltlings (Desolation)
  A redback (Spider:4)
  A human (Lair:6)
  A hound (Lair:6)
  A river rat (Lair:1)
  2 orcs (Orc:2)
  12 fungi
  18 plants
41 creatures vanquished.

Grand Total: 1458 creatures vanquished

Notes
Turn   | Place    | Note
-------+----------+-------------------------------------------
     0 | D:1      | st0uf the Demonspawn Fighter began the quest for the Orb.
     0 | D:1      | Reached XP level 1. HP: 18/18 MP: 1/1
    62 | D:2      | Gained mutation: When hurt, damage is shared between your health and your magic reserves. [demonic ancestry]
    62 | D:2      | Reached XP level 2. HP: 21/24 MP: 2/2
   845 | D:3      | Reached XP level 3. HP: 29/29 MP: 3/3
   982 | D:3      | Found a radiant altar of Vehumet.
  1159 | D:3      | Found an iron altar of Okawaru.
  1160 | D:3      | Found a deep blue altar of Sif Muna.
  1168 | D:3      | Became a worshipper of Warmaster Okawaru
  1415 | D:2      | Reached skill level 1 in Dodging
  1473 | D:2      | Found an opulent altar of Gozag.
  1536 | D:2      | Reached skill level 1 in Evocations
  1552 | D:2      | Reached XP level 4. HP: 36/36 MP: 4/4
  2319 | D:4      | Noticed Sigmund
  2329 | D:5      | Entered Level 5 of the Dungeon
  2371 | D:5      | Found a blossoming altar of Fedhas.
  2462 | D:5      | Reached XP level 5. HP: 28/42 MP: 3/5
  2470 | D:5      | Reached skill level 4 in Fighting
  2874 | D:5      | Noticed a sky beast
  2917 | D:5      | Killed a sky beast
  2917 | D:5      | Reached * piety under Okawaru
  2917 | D:5      | Gained mutation: You are partially covered in icy blue scales. (AC +2) [demonic ancestry]
  2917 | D:5      | Reached XP level 6. HP: 16/49 MP: 3/7
  3271 | D:4      | Noticed a sky beast
  3327 | D:4      | Killed a sky beast
  3509 | D:4      | Gained mutation: You regenerate magic rapidly. [demonic ancestry]
  3509 | D:4      | Reached XP level 7. HP: 39/55 MP: 8/8
  3647 | D:4      | Reached skill level 1 in Invocations
  3907 | D:4      | Killed Sigmund
  3907 | D:4      | Reached ** piety under Okawaru
  3907 | D:4      | Reached skill level 5 in Fighting
  3933 | D:4      | Found a hazy altar of Hepliaklqana.
  4316 | D:5      | Reached skill level 5 in Long Blades
  4470 | D:6      | Gained mutation: You have large cloven feet. [demonic ancestry]
  4470 | D:6      | Reached XP level 8. HP: 51/63 MP: 10/10
  4494 | D:6      | Found a snail-covered altar of Cheibriados.
  4711 | D:6      | Noticed a troll
  4746 | D:6      | Killed a troll
  4835 | D:6      | Found a staircase to the Ecumenical Temple.
  5047 | D:6      | Found a glowing drain.
  5051 | Sewer    | Entered a sewer
  5140 | Sewer    | Reached skill level 6 in Fighting
  5153 | Sewer    | Reached *** piety under Okawaru
  5169 | Sewer    | Found a white marble altar of Elyvilon.
  5549 | D:6      | Found a runed door.
  5553 | D:6      | Noticed Crazy Yiuf
  5559 | D:6      | Killed Crazy Yiuf
  5645 | D:7      | Noticed Joseph
  5664 | D:7      | Killed Joseph
  5664 | D:7      | Gained mutation: You have hoof-like feet. [demonic ancestry]
  5664 | D:7      | Reached XP level 9. HP: 48/71 MP: 8/12
  6461 | D:7      | Found a burning altar of Makhleb.
  6466 | D:7      | Found a stormy altar of Qazlal.
  6470 | D:7      | Found a basalt altar of Yredelemnul.
  6496 | D:7      | Found a shattered altar of Ashenzari.
  6512 | D:7      | Reached skill level 5 in Armour
  6512 | D:7      | Reached skill level 5 in Invocations
  6676 | D:7      | Found a bloodstained altar of Trog.
  6752 | D:8      | Received a gift from Okawaru
  6808 | D:8      | Reached skill level 7 in Fighting
  7279 | D:8      | Found a white marble altar of Elyvilon.
  7602 | D:8      | Noticed Pikel
  7621 | D:8      | Killed Pikel
  7621 | D:8      | Reached **** piety under Okawaru
  7621 | D:8      | Received a gift from Okawaru
  7621 | D:8      | Reached skill level 5 in Evocations
  7653 | D:8      | Noticed Gastronok
  7671 | D:8      | Killed Gastronok
  7671 | D:8      | Reached ***** piety under Okawaru
  7671 | D:8      | Reached skill level 8 in Fighting
  7671 | D:8      | Gained mutation: You are immune to rotting. [demonic ancestry]
  7671 | D:8      | Reached XP level 10. HP: 17/79 MP: 5/14
  8118 | D:9      | Received a gift from Okawaru
  8287 | D:9      | Reached skill level 5 in Dodging
  8438 | D:9      | Found a staircase to the Orcish Mines.
  8450 | D:9      | Found a staircase to the Lair.
  8483 | D:9      | Killed an unseen horror
  8852 | D:10     | Entered Level 10 of the Dungeon
  8852 | D:10     | Noticed a hill giant
  8863 | D:10     | Killed a hill giant
  8863 | D:10     | Reached skill level 9 in Fighting
  8863 | D:10     | Reached XP level 11. HP: 85/88 MP: 14/16
  9777 | D:11     | Noticed a hill giant
  9791 | D:11     | Killed a hill giant
 10530 | D:11     | Learned a level 1 spell: Pain
 10620 | D:11     | Noticed a hill giant
 10638 | D:11     | Killed a hill giant
 10638 | D:11     | Received a gift from Okawaru
 10638 | D:11     | Reached ****** piety under Okawaru
 10911 | D:11     | Noticed a hill giant
 10921 | D:11     | Killed a hill giant
 10921 | D:11     | Reached skill level 1 in Necromancy
 10965 | D:12     | Reached skill level 10 in Fighting
 11059 | D:12     | Noticed a green ugly thing
 11082 | D:12     | Killed a green ugly thing
 11503 | D:12     | Noticed a four-headed hydra
 11514 | D:12     | Killed a four-headed hydra
 11514 | D:12     | Received a gift from Okawaru
 11520 | D:12     | Got a polished rapier {god gift}
 11521 | D:12     | Identified the +7 rapier "Qiaphotyexi" {pierce, Int+4} (Okawaru gifted it to you on level 12 of the Dungeon)
 11750 | D:12     | Noticed Harold
 11759 | D:12     | Killed Harold
 11759 | D:12     | Gained mutation: You have hooves in place of feet. [demonic ancestry]
 11759 | D:12     | Reached XP level 12. HP: 59/97 MP: 3/18
 11772 | D:12     | Found Tuew's General Store.
 12448 | D:13     | Reached skill level 10 in Long Blades
 12501 | D:13     | Noticed a death knight
 13077 | D:13     | Killed a death knight
 13433 | D:13     | Received a gift from Okawaru
 13472 | D:13     | Noticed Maurice
 13486 | D:13     | Killed Maurice
 13536 | D:13     | Reached skill level 11 in Fighting
 13802 | D:13     | Noticed an ice dragon
 14159 | Lair:1   | Entered Level 1 of the Lair of Beasts
 14190 | Lair:1   | Noticed Amnesiac's ghost (journeyman FoEE)
 14203 | Lair:1   | Killed Amnesiac's ghost
 14568 | Lair:1   | Reached skill level 5 in Necromancy
 14568 | Lair:1   | Reached XP level 13. HP: 95/105 MP: 17/19
 15138 | Lair:2   | Identified the +3 leather armour of Too Many Cooks {rN+ MR+ Int+3 Stlth-} (You found it on level 2 of the Lair of Beasts)
 15819 | Lair:2   | Received a gift from Okawaru
 16462 | Lair:3   | Found a glowing silver altar of Zin.
 16709 | Lair:1   | Upgraded the game from 0.19-a0-1697-g0595f0e to 0.19-a0-1704-gbd66c22
 17140 | Lair:4   | Found a staircase to the Shoals.
 17312 | Lair:4   | Received a gift from Okawaru
 17317 | Lair:4   | Reached skill level 12 in Fighting
 17621 | Lair:4   | Found a hole to the Spider Nest.
 18198 | Lair:5   | Found a staircase to the Slime Pits.
 18206 | Lair:5   | Found a viscous altar of Jiyva.
 18784 | Lair:6   | Entered Level 6 of the Lair of Beasts
 19066 | Lair:6   | Reached XP level 14. HP: 76/114 MP: 13/20
 19365 | Lair:6   | Identified the cursed +0 robe of Gluttony {MR+} (You found it on level 6 of the Lair of Beasts)
 19617 | Lair:6   | Received a gift from Okawaru
 19777 | Lair:6   | Noticed Kirke
 19785 | Lair:6   | Killed Kirke
 21054 | Lair:6   | Reached skill level 13 in Fighting
 21669 | Orc:1    | Entered Level 1 of the Orcish Mines
 22086 | Orc:2    | Entered Level 2 of the Orcish Mines
 22127 | Orc:2    | Found a staircase to the Elven Halls.
 22194 | Orc:2    | Paralysed by an orc sorcerer for 7 turns
 22440 | Orc:2    | Found Ykurghur's Distillery.
 22440 | Orc:2    | Found Kurroff's Antique Armour Emporium.
 22463 | Orc:2    | Found a roughly hewn altar of Beogh.
 22479 | Orc:2    | Received a gift from Okawaru
 22619 | Orc:2    | Found Wuklaaqu's Assorted Antiques.
 22637 | Orc:2    | Bought a scroll of identify for 60 gold pieces
 22637 | Orc:2    | Bought 2 metallic coppery potions for 54 gold pieces
 22637 | Orc:2    | Bought a scroll of identify for 60 gold pieces
 22641 | Orc:2    | Found Bozel's Magic Scroll Emporium.
 22663 | Orc:2    | Reached XP level 15. HP: 120/123 MP: 22/22
 22671 | Orc:2    | Bought 3 scrolls of identify for 90 gold pieces
 22671 | Orc:2    | Bought a scroll of identify for 30 gold pieces
 22671 | Orc:2    | Bought a scroll of identify for 30 gold pieces
 22671 | Orc:2    | Bought a scroll of identify for 30 gold pieces
 22671 | Orc:2    | Bought a scroll of identify for 30 gold pieces
 22671 | Orc:2    | Bought a scroll of fog for 30 gold pieces
 22671 | Orc:2    | Bought a scroll of identify for 30 gold pieces
 22671 | Orc:2    | Bought a scroll of identify for 30 gold pieces
 22671 | Orc:2    | Bought a scroll of magic mapping for 52 gold pieces
 22671 | Orc:2    | Bought a scroll of identify for 30 gold pieces
 22671 | Orc:2    | Bought a scroll of silence for 112 gold pieces
 23514 | Lair:5   | Identified the +3 short sword of Tension {pierce, *Drain rF- Int+10} (You found it on level 5 of the Lair of Beasts)
 23870 | Lair:1   | Gained mutation: You have a pair of small antennae on your head. [potion of beneficial mutation]
 23983 | D:7      | Identified the +6 dagger of Lialus {pierce, rF+ rC- rN++ MP+9} (You found it on level 7 of the Dungeon)
 24710 | D:13     | Found a gate to the Vaults.
 25083 | D:14     | Reached skill level 10 in Evocations
 25114 | D:14     | Identified the +4 long sword of the Warrior-Mage {flame, rF+ Int+5} (You found it on level 14 of the Dungeon)
 25251 | D:14     | Found an opulent altar of Gozag.
 25843 | D:15     | Entered Level 15 of the Dungeon
 25992 | D:15     | Found an opulent altar of Gozag.
 26033 | D:15     | Received a gift from Okawaru
 26037 | D:15     | Identified the +0 chain mail of the Serpent {Int+4} (Okawaru gifted it to you on level 15 of the Dungeon)
 26205 | D:15     | Identified the Guide on Good Luck
 26266 | D:15     | Gained mutation: Your spells are a little harder to cast, but a little more powerful. [potion of beneficial mutation]
 26617 | D:15     | Found a staircase to the Depths.
 26666 | D:15     | Noticed a fire giant
 26717 | D:15     | Killed a fire giant
 27184 | Spider:1 | Entered Level 1 of the Spider Nest
 28022 | Spider:1 | Reached skill level 10 in Armour
 28050 | Spider:2 | Noticed Nikola
 28076 | Spider:1 | Killed Nikola
 28076 | Spider:1 | Reached skill level 14 in Fighting
 28443 | Spider:2 | Received a gift from Okawaru
 28446 | Spider:2 | Identified the +4 falchion of Kuupac {freeze, rPois rF- rN+ Int+3} (Okawaru gifted it to you on level 2 of the Spider Nest)
 28569 | Spider:2 | Gained mutation: You may emit foul miasma when damaged in melee. [demonic ancestry]
 28569 | Spider:2 | Reached XP level 16. HP: 132/132 MP: 23/23
 28658 | Spider:2 | Noticed Arachne
 28681 | Spider:2 | Killed Arachne
 28969 | Spider:3 | Received a gift from Okawaru
 28976 | Spider:3 | Identified the +2 shield of Ziacioff {MR+} (Okawaru gifted it to you on level 3 of the Spider Nest)
 29066 | Spider:4 | Entered Level 4 of the Spider Nest
 29327 | Spider:4 | Reached skill level 10 in Dodging
 29874 | Spider:4 | Reached skill level 10 in Necromancy
 30026 | Spider:4 | Reached skill level 15 in Fighting
 30468 | Spider:4 | Got a gossamer rune of Zot
 30584 | Spider:1 | Gained mutation: Your magical and physical power is slightly enhanced at high health. [demonic ancestry]
 30584 | Spider:1 | Reached XP level 17. HP: 138/142 MP: 25/25
 30736 | Shoals:1 | Entered Level 1 of the Shoals
 30979 | Shoals:4 | Entered Level 4 of the Shoals
 30979 | Shoals:4 | Noticed Polyphemus
 30989 | Shoals:3 | Received a gift from Okawaru
 31160 | Shoals:4 | Killed Polyphemus
 31339 | Shoals:4 | Identified the +6 chain mail of the Lily {Dex+2} (You found it on level 4 of the Shoals)
 32128 | Shoals:4 | Received a gift from Okawaru
 32377 | Shoals:4 | Got a barnacled rune of Zot
 32388 | Shoals:4 | Noticed Ilsuiw
 32402 | Shoals:4 | Killed Ilsuiw
 32694 | Elf:1    | Entered Level 1 of the Elven Halls
 32732 | Elf:1    | Found Yxtek's Antique Weapon Shop.
 32738 | Elf:1    | Found a flickering gateway to a bazaar.
 32752 | Bazaar   | Entered a bazaar
 32759 | Bazaar   | Found Gizxaxisch's Antique Weapon Boutique.
 32777 | Bazaar   | Found Xeunnuim's Antique Weapon Shoppe.
 32795 | Bazaar   | Found Cipagh's Book Boutique.
 32813 | Bazaar   | Found Kausomi's Antique Armour Emporium.
 32850 | Bazaar   | Bought a pair of warped gloves for 285 gold pieces
 32850 | Bazaar   | Identified the +0 pair of gloves "Okaronu" {MR+ Int+3} (You bought it in a shop in a bazaar)
 32922 | Bazaar   | Bought a smoking rapier for 252 gold pieces
 32922 | Bazaar   | Identified the +11 rapier of Courage {pierce, rN+ Dex+3} (You bought it in a shop in a bazaar)
 32981 | Elf:1    | Reached skill level 15 in Long Blades
 33016 | Elf:1    | Bought a polished short sword for 248 gold pieces
 33019 | Elf:1    | Identified the +5 short sword "Cisk" {freeze, rElec rF+} (You bought it in a shop on level 1 of the Elven Halls)
 33035 | Elf:1    | Reached skill level 16 in Fighting
 33329 | Elf:1    | Found a deep blue altar of Sif Muna.
 33744 | Elf:2    | Received a gift from Okawaru
 33754 | Elf:2    | Found a runed door.
 33779 | Elf:2    | Found a runed door.
 33840 | Elf:2    | Gained mutation: You are mostly covered in icy blue scales. (AC +3) [demonic ancestry]
 33840 | Elf:2    | Reached XP level 18. HP: 151/151 MP: 26/26
 33954 | Elf:3    | Entered Level 3 of the Elven Halls
 34572 | Elf:3    | Noticed a Brimstone Fiend
 34697 | Elf:3    | Received a gift from Okawaru
 35203 | Elf:3    | Identified the Volume of Confrontation
 35227 | Elf:3    | Identified Ilelat's Reference Book on Lucky Transformation
 35258 | Elf:3    | Received a gift from Okawaru
 35282 | Elf:3    | Identified the +3 great sword "Hosch" {speed, rN+} (Okawaru gifted it to you on level 3 of the Elven Halls)
 35604 | Elf:3    | Reached skill level 17 in Fighting
 35628 | Elf:3    | Found Azutuxt's Gadget Shoppe.
 35638 | Elf:3    | Found Nufug's Antique Weapon Emporium.
 35638 | Elf:3    | Found Qesaar's Antique Weapon Shoppe.
 35643 | Elf:3    | Found Asmaopn's Book Emporium.
 36180 | Elf:2    | Noticed Louise
 36197 | Elf:2    | Killed Louise
 36201 | Elf:2    | Gained mutation: Your magical and physical power is enhanced at high health. [demonic ancestry]
 36201 | Elf:2    | Reached XP level 19. HP: 143/161 MP: 25/28
 36315 | Elf:2    | Received a gift from Okawaru
 36359 | Elf:2    | Noticed Azrael
 36371 | Elf:2    | Killed Azrael
 36958 | Lair:1   | Upgraded the game from 0.19-a0-1704-gbd66c22 to 0.19-a0-1714-gcab94ab
 37160 | Vaults:1 | Entered Level 1 of the Vaults
 38110 | Vaults:1 | Received a gift from Okawaru
 38745 | Vaults:2 | Found a ruined gateway.
 38749 | Desolati | Entered the Desolation of Salt
 39160 | Desolati | Received a gift from Okawaru
 39164 | Desolati | Killed from afar by a halazid warlock

Vault maps used:
D:1:      lightli_molten_gateway, kennysheep_small_spiral
D:2:      lemuel_doored_altar
D:3:      grunt_temple_overflow_open, first_bread
D:4:      kennysheep_mini_moat, minmay_misc_feat_tiny, minmay_liquid_box,
          uniq_sigmund
D:5:      minivault_14, st_stairs_10, fedhas_altar_3
D:6:      gup_sewer_entry_spiral, cheibriados_altar_wand_db,
          uniq_crazy_yiuf_cottage
D:7:      minmay_overflow_temple_star_quad, kennysheep_little_box, basic_altar,
          uniq_joseph
D:8:      cheibrodos_iron_armory, lemuel_crystal_altar, grunt_ogre_cave,
          minmay_misc_feat_ornament, minmay_misc_feat_plants, uniq_gastronok,
          uniq_pikel
D:9:      david_lair_shrubbed, orc_0_dummy
D:11:     nicolae_two_hexagons
D:12:     kennysheep_windowed_goal, uniq_harold
D:13:     lemuel_ice_statue, david_vaults_4, special_room, uniq_maurice
D:14:     lemuel_crystal_altar
D:15:     grunt_enter_depths_giant_problem,
          nicolae_gozag_cash_rules_everything_around_me
Lair:1:   serial_bayou_lake_a, grunt_megastairs_5, infiniplex_staircase_pool_2
Lair:2:   serial_bayou_shore_a
Lair:3:   beast_lair_carwin_large_2, basic_altar, fungi_pond_lemuel, st_stairs_8
Lair:4:   minmay_shoals_entry_lonely_mermaid, spider_nest_entry_funnel_web,
          lemuel_fruit_tree
Lair:5:   slime_altar_1, serial_bayou_pond_d, st_stairs_4,
          minmay_stone_trees_small, grunt_forest_small_clearing_treed
Lair:6:   guppyfry_lair_end_dragon, hangedman_lair_caniforms_friends,
          infiniplex_staircase_pool, grunt_megastairs_1, uniq_kirke
Shoals:1: nicolae_shoals_c_island, uniq_frances
Shoals:2: uniq_jorgrun, uniq_roxanne
Shoals:3: hangedman_feature_mirror
Shoals:4: shoals_end_grunt_ice, shoal_ilsuiw, uniq_polyphemus
Spider:2: uniq_nikola, uniq_arachne
Spider:4: grunt_spider_rune_circles
Orc:2:    st_orc_town
Elf:1:    eino_elf_arrival_sip, serial_shops, bzr_entry_dummy,
          nicolae_shop_crystal, kennysheep_underground_church,
          lemuel_blue_sif_altar, grunt_megastairs_2
Elf:2:    uniq_louise, uniq_azrael
Elf:3:    minmay_elf_hall_furrowed, minivault_19, guppyfry_elf_castle,
          minmay_shoptagon
Vaults:1: v_misc_8, hangedman_vaults_stitches, ontoclasm_vaults_bender,
          nicolae_vaults_good_morning_starshine, hangedman_vaults_restitches,
          nicolae_vaults_network_periphery, v_misc_16,
          ontoclasm_vaults_ligature, nicolae_vaults_theta, v_misc_16,
          nicolae_vaults_little_squares_1, vaults_room_pools,
          ontoclasm_vaults_ring_square, ontoclasm_vaults_chip
Vaults:2: nicolae_vaults_little_squares_2, minmay_crypt_entry_simple_statues,
          grunt_vaults_hallway_short, ontoclasm_vaults_idyll,
          hangedman_vaults_trim, vaults_room_ringed_pool,
          hangedman_vaults_stretched_pinwheel, vaults_dpeg_spiral,
          hangedman_vaults_corner_blocks, nicolae_vaults_twisting_passages,
          hangedman_vaults_river_flow, nicolae_vaults_statue_guard, v_pattern_3,
          serial_ice_h, serial_shops, shop, nicolae_shop_behind_doors,
          nicolae_shop_trees, nicolae_shop_trees, portal_desolation_entry_salt,
          uniq_bai_suzhen, uniq_frederick
Bazaar:   bazaar_jpeg_circle_common
Sewer:    sewer_kobolds

Skill      XL: |  1  2  3  4  5  6  7  8  9 10 11 12 13 14 15 16 17 18 19 |
---------------+----------------------------------------------------------+-----
Long Blades    | 2 3 4 5 6 7 8 9 10 11 12 13 14 15 16 | 16.6
Armour         | 3 4 5 6 7 8 9 10 11 12 | 12.4
Dodging        | 1 2 3 4 5 6 7 8 9 10 11 12 | 12.0
Evocations     | 1 2 3 4 5 6 7 9 10 11 12 13 | 13.0
Fighting       | 4 5 6 8 9 10 11 12 13 14 15 16 17 | 17.9
Invocations    | 2 4 6 8 |  8.2
Necromancy     | 2 5 6 7 9 10 11 12 | 12.9
Shields        | 3 4 |  4.5

Action                   |  1- 3 |  4- 6 |  7- 9 | 10-12 | 13-15 | 16-18 | 19-21 || total
-------------------------+-------+-------+-------+-------+-------+-------+-------++-------
Melee: Long sword        |   106 |   244 |   559 |    56 |    84 |       |    43 ||  1092
       Kick              |       |       |   158 |   322 |   657 |   504 |   260 ||  1901
       Punch             |       |       |     4 |    13 |     2 |     1 |     1 ||    21
       Demon blade       |       |       |       |   818 |  1721 |  1373 |   527 ||  4439
       Flail             |       |       |       |     9 |       |       |       ||     9
       Scimitar          |       |       |       |       |    30 |       |       ||    30
       Dagger            |       |       |       |       |    40 |       |       ||    40
Invok: Heroism           |       |       |    14 |    18 |    24 |    29 |     7 ||    92
       Finesse           |       |       |       |     4 |     3 |     2 |     1 ||    10
 Abil: Evoke Invisibilit |       |       |     1 |     1 |     4 |     2 |       ||     8
       Evoke Berserk Rag |       |       |     1 |       |       |       |       ||     1
Evoke: Wand              |       |       |       |     1 |     4 |     8 |     5 ||    18
       Box of beasts     |       |       |       |       |       |       |     3 ||     3
       Lamp of fire      |       |       |       |       |       |       |     1 ||     1
  Use: Scroll            |     4 |     2 |     1 |     9 |    30 |    10 |     2 ||    58
       Potion            |       |       |       |       |     3 |    12 |     6 ||    21
 Stab: Invisible         |       |       |     3 |     3 |    10 |    10 |       ||    26
       Held in net/web   |       |       |       |       |       |     2 |       ||     2
  Eat: Chunk             |     2 |     5 |    16 |    24 |    44 |    15 |    10 ||   116
       Fruit             |       |       |     1 |       |     2 |       |       ||     3
       Royal jelly       |       |       |       |     1 |     1 |       |       ||     2
       Beef jerky        |       |       |       |       |     2 |     2 |       ||     4
       Meat ration       |       |       |       |       |     1 |       |       ||     1
       Bread ration      |       |       |       |       |       |     1 |       ||     1
Armor: Scale mail        |    46 |   117 |   200 |   194 |       |       |       ||   557
       Chain mail        |       |       |       |    60 |   401 |       |       ||   461
       Plate armour      |       |       |       |       |   378 |   685 |   202 ||  1265
Dodge: Dodged            |    48 |    95 |   289 |   411 |   706 |   544 |   177 ||  2270
Block: Buckler           |       |       |       |       |   156 |   266 |    86 ||   508
